 Dungeon Crawl Stone Soup version 0.29.1-13-g9f3cf754e1 (webtiles) character file.

Game seed: 12008163527521830586

9461 Peloso the Carver (level 11, -3/97 HPs)
             Began as a Minotaur Fighter on Feb 10, 2023.
             Was a High Priest of Okawaru.
             Slain by a purple ugly thing (10 damage)
             ... on level 9 of the Dungeon.
             The game lasted 00:17:44 (10022 turns).

Peloso the Carver (Minotaur Fighter)               Turns: 10022, Time: 00:17:45

Health: -3/97      AC: 22    Str: 23    XL:     11   Next: 23%
Magic:  2/11       EV: 10    Int:  5    God:    Okawaru [*****.]
Gold:   449        SH:  7    Dex: 12    Spells: 10/10 levels left

rFire   . . .      SeeInvis .   a - +1 double sword (freeze)
rCold   . . .      Faith    .   d - +0 buckler
rNeg    . . .      Spirit   .   H - +0 plate armour
rPois   .          Reflect  .   (helmet restricted)
rElec   .          Harm     .   B - +0 cloak
rCorr   +          Rampage  .   (no gloves)
Will    .....                   (no boots)
Stlth   ..........              k - amulet of the acrobat
HPRegen 0.26/turn               c - ring of resist corrosion
MPRegen 0.12/turn               s - +4 ring of protection

@: heroic
A: horns 2, retaliatory headbutt
a: Renounce Religion, Heroism, Finesse, Duel


You were on level 9 of the Dungeon.
You worshipped Okawaru.
Okawaru was extremely pleased with you.
You visited 1 branch of the dungeon, and saw 9 of its levels.
You also visited: Sewer.

You collected 449 gold pieces.

Inventory:

Hand Weapons
 a - a +1 double sword of freezing (weapon)
 b - a +4 scimitar of flaming
Armour
 d - a +0 buckler (worn)
 q - a +0 chain mail
 B - a +0 cloak (worn)
 H - a +0 plate armour (worn)
Jewellery
 c - a ring of resist corrosion (left hand)
 k - an amulet of the acrobat (around neck)
 s - a +4 ring of protection (right hand)
 y - a +6 ring of dexterity
 A - a ring of magical power
 C - an amulet of guardian spirit
 D - an amulet of faith
 I - an amulet of magic regeneration
Wands
 u - a wand of flame (12)
 E - a wand of roots (11)
Scrolls
 f - 2 scrolls of enchant armour
 i - a scroll of acquirement
 m - a scroll of poison
 n - 2 scrolls of teleportation
 r - 4 scrolls of fog
 v - 4 scrolls of blinking
 x - 2 scrolls of magic mapping
 z - 3 scrolls of fear
 F - a scroll of noise {unknown}
 J - a scroll of identify
Potions
 e - 7 potions of curing
 g - 7 potions of heal wounds
 h - 5 potions of might
 j - 2 potions of cancellation
 l - a potion of ambrosia
 o - 2 potions of haste
 p - 2 potions of mutation
 t - a potion of flight {unknown}
 w - a potion of brilliance {unknown}
 G - a potion of invisibility {unknown}


   Skills:
 + Level 9.4(14.4) Fighting
 + Level 14.3(19.3) Long Blades
 + Level 10.2(15.2) Armour
 + Level 3.5(8.5) Dodging
 + Level 2.5(7.5) Stealth
 + Level 7.1(12.1) Shields
 + Level 2.1 Invocations


You had 10 spell levels left.
You didn't know any spells.
Your spell library contained the following spells:

 Spells                   Type           Power      Damage    Failure   Level
 Beastly Appendage        Tmut           0%         N/A       99%         1
 Wereblood                Tmut           0%         N/A       100%        2
 Gell's Gravitas          Tloc           0%         N/A       100%        3
 Lesser Beckoning         Tloc           0%         N/A       100%        3
 Spider Form              Tmut/Pois      0%         N/A       100%        3
 Teleport Other           Tloc           0%         N/A       100%        3


Dungeon Overview and Level Annotations

Branches:
Dungeon (9/15)             Temple (0/1) D:5           Sewer (visited)
   Lair: D:8-11         Orc: D:9-12

Altars:
Dithmenos
Elyvilon
Gozag
Nemelex Xobeh
Okawaru
Trog
Uskayaw
Xom


Innate Abilities, Weirdness & Mutations

You have a pair of horns on your head.
You reflexively headbutt those who attack you in melee.


Message History

The manticore is moderately wounded.
You block the manticore's attack. The manticore barely misses you.
The manticore claws you but does no damage.
You barely miss the manticore. You headbutt the manticore!
The manticore is heavily wounded.
The manticore bites you but does no damage.
The manticore claws you but does no damage.
You block the manticore's attack.
You hit the manticore. You freeze the manticore.
The manticore is heavily wounded.
You slash the manticore! You freeze the manticore.
The manticore is severely wounded.
The manticore bites you!
* * * LOW HITPOINT WARNING * * *
You block the manticore's attack.
The manticore claws you but does no damage.
You slash the manticore! You freeze the manticore.
You kill the manticore!
Okawaru is honoured by your kill.
You hit the purple ugly thing but do no damage.
The purple ugly thing closely misses you.
You furiously retaliate!
You headbutt the purple ugly thing. You hit the purple ugly thing.
You freeze the purple ugly thing.
The purple ugly thing is lightly wounded.
The purple ugly thing tentacle-slaps you but does no damage.
You slash the purple ugly thing! You freeze the purple ugly thing.
The purple ugly thing is moderately wounded.
You hit the purple ugly thing. You freeze the purple ugly thing.
The purple ugly thing is moderately wounded.
The purple ugly thing tentacle-slaps you.
* * * LOW HITPOINT WARNING * * *
You hit the purple ugly thing. You freeze the purple ugly thing.
The purple ugly thing is heavily wounded.
The purple ugly thing tentacle-slaps you.
* * * LOW HITPOINT WARNING * * *
You slash the purple ugly thing! You freeze the purple ugly thing.
You headbutt the purple ugly thing.
The purple ugly thing is severely wounded.
The purple ugly thing tentacle-slaps you!
You die...

...####..################
#.#...#..##....#.....##.##
..#.#.#..#..##.##.#.##.#.#
#.#.#.#....###.)†.....##.###
....#.#..#.# #.#)#.#.###.#.#
#.....#..#.....#.....# ##.##
#.###.#..###############[##
#.# ###..#8...8##u# #...#
#.# #..#. #..#@#)# ##8.8##
..# #..#.###.)#}#u##.....#
..# #..#..#..#.#)#.##8.8##
..# #..#8...8##.#.###...#
..# #..###.###########.##
..# #..#.....#...#.# #)###
..# #..#.##.)#.#...###)..#
..## #..#.#........#).#)#.#
...# #))#...####...÷#...###


You could see a purple ugly thing.

Vanquished Creatures
  A hydra (D:9)
  A catoblepas (D:9)
  Erica (D:8)
  A two-headed ogre (D:8)
  A manticore (D:9)
  A gargoyle (D:9)
  An efreet (D:9)
  A troll (D:9)
  A slime creature (D:9)
  Sigmund (D:3)
  4 yaks (D:9)
  3 wyverns (D:9)
  Eustachio (D:5)
  2 steam dragons
  Menkaure (D:5)
  An acid dragon (D:9)
  3 water moccasins
  3 orc warriors (D:9)
  2 ice beasts
  Pargi (Sewer)
  2 sky beasts (D:6)
  A black bear (D:7)
  2 ogres
  2 centaurs
  A phantom (D:5)
  5 bullfrogs
  A necrophage (D:5)
  A gnoll sergeant (D:9)
  3 scorpions
  9 wights
  11 killer bees
  A howler monkey (D:4)
  5 hounds
  3 jellies
  2 orc priests
  4 iguanas
  8 orc wizards
  7 gnolls
  8 adders
  3 shadow imps
  An ufetubus (D:5)
  A worm (D:5)
  2 dart slugs
  22 orcs
  8 ball pythons
  7 endoplasms
  3 giant cockroaches
  8 goblins
  9 hobgoblins
  A jackal (D:3)
  4 kobolds
  8 quokkas
  3 bats
  11 frilled lizards
198 creatures vanquished.

Notes
Turn   | Place    | Note
-------+----------+-------------------------------------------
     0 | D:1      | Peloso the Minotaur Fighter began the quest for the Orb.
     0 | D:1      | Reached XP level 1. HP: 19/19 MP: 0/0
   119 | D:1      | Reached XP level 2. HP: 16/27 MP: 1/1
   664 | D:2      | Found a faded altar of an unknown god.
   845 | D:2      | Reached XP level 3. HP: 16/33 MP: 2/2
   849 | D:2      | Reached skill level 3 in Long Blades
  1050 | D:2      | Found an iron altar of Okawaru.
  1084 | D:2      | Became a worshipper of Warmaster Okawaru
  1503 | D:2      | Reached XP level 4. HP: 41/41 MP: 3/3
  1618 | D:3      | Noticed Sigmund
  1630 | D:3      | Killed Sigmund
  1630 | D:3      | Reached * piety under Okawaru
  1631 | D:3      | Reached skill level 4 in Long Blades
  1631 | D:3      | Reached XP level 5. HP: 46/47 MP: 4/4
  1633 | D:3      | Reached skill level 5 in Armour
  1776 | D:3      | Reached skill level 5 in Long Blades
  1871 | D:3      | Identified the +1 robe of Betal {rF- Str+4 Dex+4}
  2709 | D:3      | Identified a scroll of acquirement
  2856 | D:4      | Found a bloodstained altar of Trog.
  2871 | D:4      | Reached XP level 6. HP: 55/55 MP: 5/5
  3001 | D:4      | Found a glowing drain.
  3018 | Sewer    | Entered a sewer
  3048 | Sewer    | Noticed Pargi
  3060 | Sewer    | Killed Pargi
  3061 | Sewer    | Reached skill level 5 in Fighting
  3061 | Sewer    | Reached skill level 6 in Long Blades
  3061 | Sewer    | Reached skill level 1 in Dodging
  3784 | D:5      | Entered Level 5 of the Dungeon
  3808 | D:4      | Reached XP level 7. HP: 22/61 MP: 6/6
  4023 | D:4      | HP: 2/61 [poisoned by a gnoll]
  4484 | D:5      | Found a staircase to the Ecumenical Temple.
  4486 | D:5      | Noticed Menkaure
  4494 | D:5      | Killed Menkaure
  4505 | D:5      | Reached ** piety under Okawaru
  4712 | D:5      | Noticed Eustachio
  4748 | D:5      | Killed Eustachio
  4749 | D:5      | Reached skill level 7 in Long Blades
  4749 | D:5      | Reached skill level 5 in Shields
  5005 | D:5      | Reached XP level 8. HP: 56/70 MP: 7/7
  5646 | D:5      | Reached skill level 8 in Long Blades
  6032 | D:6      | Reached skill level 1 in Stealth
  6118 | D:6      | Reached *** piety under Okawaru
  6119 | D:6      | Reached skill level 9 in Long Blades
  6218 | D:6      | Found a white marble altar of Elyvilon.
  6222 | D:6      | Found an iron altar of Okawaru.
  6226 | D:6      | Found a shimmering altar of Xom.
  6272 | D:6      | Found an opulent altar of Gozag.
  6535 | D:6      | Reached XP level 9. HP: 46/78 MP: 8/8
  6684 | D:6      | Found a sparkling altar of Nemelex Xobeh.
  7171 | D:7      | Found a hide-covered altar of Uskayaw.
  7270 | D:7      | Reached skill level 10 in Long Blades
  7524 | D:7      | Found a shadowy altar of Dithmenos.
  7739 | D:8      | Reached **** piety under Okawaru
  7975 | D:8      | Reached skill level 11 in Long Blades
  8368 | D:8      | Noticed a two-headed ogre
  8375 | D:8      | Killed a two-headed ogre
  8376 | D:8      | Reached XP level 10. HP: 34/88 MP: 6/9
  8697 | D:8      | Reached skill level 1 in Invocations
  8740 | D:8      | Noticed Erica
  8749 | D:8      | Killed Erica
  8749 | D:8      | Reached ***** piety under Okawaru
  8750 | D:8      | Reached skill level 12 in Long Blades
  9600 | D:9      | Received a gift from Okawaru
  9693 | D:9      | Reached skill level 13 in Long Blades
  9751 | D:9      | Noticed a four-headed hydra
  9756 | D:9      | Killed a one-headed hydra
  9757 | D:9      | Reached XP level 11. HP: 58/97 MP: 8/11
  9811 | D:9      | Reached skill level 14 in Long Blades
  9981 | D:9      | Identified the +6 long sword of the Hall of Blades {vorpal,
                  | rF- rC+ rN+}
  9981 | D:9      | Identified the +0 robe "Gam Ufust" {rC+ Dex-4 Stlth+}
  9985 | D:9      | Reached skill level 10 in Armour
  9987 | D:9      | Noticed a purple ugly thing
  9987 | D:9      | Noticed a catoblepas
 10002 | D:9      | Killed a catoblepas
 10002 | D:9      | Received a gift from Okawaru
 10022 | D:9      | Slain by a purple ugly thing

Illustrated notes

Levels and vault maps discovered:
D:1:      eino_arrival_water_cross, layout_basic, kennysheep_another_room
D:2:      layout_basic, hellmonk_ecumenical_altar_leap_of_faith,
          minmay_hexomino_r4
D:3:      layout_loops_ring, st_stairs_4, uniq_sigmund
D:4:      layout_basic, mainiacjoe_overflow_alcove_1, gup_sewer_entry_pipe
D:5:      layout_basic, minmay_temple_entry_drinking_statues,
          minmay_increasing_density, uniq_eustachio, uniq_menkaure
D:6:      layout_cave_pools, kennysheep_mini_moat, nicolae_gozag_seed_capital,
          grunt_temple_overflow_diamond
D:7:      layout_loops_ring, nicolae_uskayaw_murder_on_the_dancefloor,
          nicolae_dithmenos_through_a_glass_darkly, minivault_1
D:8:      layout_loops_corners, uniq_erica
D:9:      minmay_the_grid_square_5x5_3x3 [minmay_the_grid_square_5x5_bite,
          minmay_the_grid_square_5x5_checkered_sparse,
          minmay_the_grid_square_5x5_almost_minimal,
          minmay_the_grid_square_5x5_shrine2,
          minmay_the_grid_square_5x5_megaprize_checkered,
          minmay_the_grid_square_5x5_fancy_junction,
          minmay_the_grid_square_5x5_inset, minmay_the_grid_square_5x5_mess,
          minmay_the_grid_square_5x5_detours], layout_basic, serial_shops, shop,
          centaur_isle, uniq_grum

Skill      XL: |  1  2  3  4  5  6  7  8  9 10 11 |
---------------+----------------------------------+-----
Fighting       | 4 5 6 8 9 |  9.4
Shields        | 4 5 6 7 |  7.1
Long Blades    | 3 4 5 6 7 9 11 13 14 | 14.3
Armour         | 4 5 6 7 8 9 10 | 10.2
Dodging        | 1 2 3 |  3.5
Stealth        | 1 2 |  2.5
Invocations    | 1 2 |  2.1

Action                   |  1- 3 |  4- 6 |  7- 9 | 10-12 || total
-------------------------+-------+-------+-------+-------++-------
Melee: Long sword        |    81 |   116 |    34 |       ||   231
       Headbutt          |    14 |    19 |    31 |    39 ||   103
       Double sword      |       |       |   226 |    45 ||   271
       Scimitar          |       |       |       |   133 ||   133
Invok: Heroism           |       |     1 |     6 |     6 ||    13
  Use: Potion            |     1 |       |     1 |       ||     2
       Scroll            |       |    11 |     9 |       ||    20
 Stab: Distracted        |       |       |       |     1 ||     1
Armor: Scale mail        |    44 |       |       |       ||    44
       Chain mail        |     2 |    51 |   123 |    27 ||   203
       Plate armour      |       |       |       |    76 ||    76
Dodge: Dodged            |    56 |    86 |   139 |    87 ||   368
Block: Buckler           |    25 |    26 |    71 |    52 ||   174
